 Dungeon Crawl Stone Soup version 0.26-a0-291-g3d11bbfad5 (webtiles) character file.

Game seed: 1000141617959830735

70 BritishOli the Skirmisher (level 4, 36/36 HPs)
             Began as a Demonspawn Fighter on July 14, 2020.
             Quit the game on level 2 of the Dungeon.
             The game lasted 00:01:21 (1346 turns).

BritishOli the Skirmisher (Demonspawn Fighter)      Turns: 1346, Time: 00:01:23

Health: 36/36      AC:  8    Str: 17    XL:     4   Next: 3%
Magic:  13/13      EV:  7    Int: 10    God:
Gold:   56         SH:  9    Dex: 12    Spells: 3/3 levels left

rFire    . . .     SeeInvis .   a - +0 long sword
rCold    . . .     Faith    .   c - +0 kite shield
rNeg     . . .     Spirit   .   b - +0 scale mail
rPois    .         Reflect  .   (no helmet)
rElec    .         Harm     .   (no cloak)
rCorr    .         Rnd*Tele +   (no gloves)
MR       .....                  l - +0 pair of boots
Stlth    ..........             (no amulet)
HPRegen  0.12/turn              e - ring of magical power
MPRegen  0.13/turn              i - ring of teleportation (curse)

@: no status effects
A: claws 2, talons 1
a: no special abilities


You were on level 2 of the Dungeon.
You visited 1 branch of the dungeon, and saw 2 of its levels.

You collected 56 gold pieces.

Inventory:

Hand Weapons
 a - a +0 long sword (weapon)
Armour
 b - a +0 scale mail (worn)
 c - a +0 kite shield (worn)
 l - a +0 pair of boots (worn)
Jewellery
 e - a ring of magical power (left claw)
 i - a cursed ring of teleportation (right claw)
Scrolls
 f - 2 scrolls of identify {unknown}
 g - a scroll of teleportation {unknown}
 h - a scroll of enchant weapon {unknown}
 j - a scroll of remove curse {unknown}
Potions
 d - a potion of might
 k - a potion of lignification {unknown}


   Skills:
 + Level 3.6 Fighting
 + Level 2.4 Long Blades
 + Level 3.2 Armour
 + Level 3.2 Shields


You had 3 spell levels left.
You didn't know any spells.
Your spell library was empty.

Dungeon Overview and Level Annotations

Branches:
Dungeon (2/15)

Altars:


Innate Abilities, Weirdness & Mutations

You have very sharp fingernails.
You have sharp toenails.


Message History

You block Jessica's attack. Jessica closely misses you.
You closely miss Jessica.
Jessica is almost dead.
Jessica casts a spell at you.
You barely resist. Jessica barely misses you.
You hit Jessica but do no damage.
Jessica is almost dead.
You block Jessica's attack. Jessica gestures at you while chanting.
You resist with some effort.
You slash Jessica!
You kill Jessica!
You have reached level 4!
You feel clever.
Your demonic ancestry asserts itself...
Your fingernails sharpen.
Things that are here:
a +0 dagger; a +0 robe You start resting.
HP restored.
Are you sure you want to abandon this character and quit the game? (Confirm with "yes".)

#.......................
#.######################
#.#.....# #.#.###.#
#.#.# #.#
#####.#.###.#####(..
+...................
#######.#....####...
#.#..@.'..+ #.#....####
#.#....# #.#....#
#.#....# #.#....#
#.#....# ######


There were no monsters in sight!

Vanquished Creatures
  Jessica (D:2)
  An adder (D:2)
  An ooze (D:2)
  An adder zombie (D:1)
  3 giant cockroaches (D:1)
  2 goblins (D:1)
  2 hobgoblins (D:1)
  4 kobolds (D:1)
  9 bats
  A frilled lizard (D:1)
  A giant cockroach zombie (D:1)
  4 rats
30 creatures vanquished.

Notes
Turn   | Place    | Note
-------+----------+-------------------------------------------
     0 | D:1      | BritishOli the Demonspawn Fighter began the quest for the
                  | Orb.
     0 | D:1      | Reached XP level 1. HP: 18/18 MP: 1/1
   145 | D:1      | Gained mutation: You have sharp toenails. [demonic
                  | ancestry]
   145 | D:1      | Reached XP level 2. HP: 18/24 MP: 2/2
   976 | D:2      | Gained mutation: You have sharp fingernails. [demonic
                  | ancestry]
   976 | D:2      | Reached XP level 3. HP: 22/29 MP: 3/3
  1295 | D:2      | Noticed Jessica
  1315 | D:2      | Killed Jessica
  1315 | D:2      | Gained mutation: You have very sharp fingernails. [demonic
                  | ancestry]
  1315 | D:2      | Reached XP level 4. HP: 32/36 MP: 4/4
  1346 | D:2      | Quit the game

Illustrated notes

Levels and vault maps discovered:
D:1:      saegor_arrival_fortress, layout_rooms
D:2:      layout_basic, uniq_jessica

Skill      XL: |  1  2 |
---------------+-------+-----
Long Blades    | 2 |  2.4
Shields        | 3 |  3.2
Armour         | 3 |  3.2
Fighting       | |  3.6

Action                   |  1- 3 |  4- 6 || total
-------------------------+-------+-------++-------
Melee: Long sword        |    93 |       ||    93
       Kick              |    11 |       ||    11
Armor: Scale mail        |    75 |       ||    75
Dodge: Dodged            |    32 |       ||    32
Block: Kite shield       |    65 |       ||    65
       Rpst.: Long sword |    12 |       ||    12

Table legend:
 A = Non-vault XP
 B = Vault XP
 C = Vault XP percentage of total XP
 D = Non-vault monster count
 E = Vault monster count
 F = Vault count percentage of total count
                 A         B        C        D         E       F
            +---------+---------+-------+---------+---------+-------
      Total |      56 |      44 |  44.0 |      27 |       3 |  10.0
            +---------+---------+-------+---------+---------+-------
        D:1 |      33 |       7 |  17.5 |      22 |       2 |   8.3
        D:2 |      23 |      37 |  61.7 |       5 |       1 |  16.7
            +---------+---------+-------+---------+---------+-------
